 Dungeon Crawl Stone Soup version 0.26-a0-1213-gd52f5182fe (webtiles) character file.

Game seed: 16340557116918942077

27 sahdkjhfkaj the Skirmisher (level 2, 0/24 HPs)
             Began as a Demonspawn Fighter on Dec 31, 2020.
             Was a Follower of Uskayaw.
             Slain by an ice beast (3 damage)
             ... on level 2 of the Dungeon.
             The game lasted 00:01:35 (1122 turns).

sahdkjhfkaj the Skirmisher (Demonspawn Fighter)     Turns: 1122, Time: 00:01:35

Health: 0/24       AC: 11    Str: 13 (16) XL:     2   Next: 93%
Magic:  2/2        EV:  1    Int:  7 (9)  God:    Uskayaw [*.....]
Gold:   110        SH:  8    Dex: 10 (12) Spells: 1/1 levels left

rFire    . . .     SeeInvis .     - Unarmed
rCold    . . .     Faith    .   c - +0 kite shield
rNeg     . . .     Spirit   .   a - +0 plate armour
rPois    .         Reflect  .   (no helmet)
rElec    .         Harm     .   (no cloak)
rCorr    .         Rampage  .   (no gloves)
Will     .....                  (no boots)
Stlth    ..........             (no amulet)
HPRegen  0.08/turn              (no ring)
MPRegen  0.08/turn              (no ring)

@: mighty
A: claws 1
a: Renounce Religion, Stomp


You were on level 2 of the Dungeon.
You worshipped Uskayaw.
Uskayaw was noncommittal.
You visited 1 branch of the dungeon, and saw 2 of its levels.

You collected 110 gold pieces.

Inventory:

Armour
 a - a +0 plate armour (worn)
 c - a +0 kite shield (worn)
Jewellery
 i - an uncursed amulet of regeneration {unknown}
 k - an uncursed ring of positive energy {unknown}
Scrolls
 b - a scroll of noise {unknown}
 e - a scroll of teleportation {!r}
 f - a scroll of immolation {unknown}
 g - 2 scrolls of enchant weapon
 j - a scroll of random uselessness {unknown}
Potions
 h - 2 potions of degeneration


   Skills:
 - Level 3.0 Fighting
 - Level 2.1 Axes
 - Level 2.7 Armour
 - Level 0.2 Dodging
 - Level 2.8 Shields
 + Level 1.6 Unarmed Combat


You had one spell level left.
You didn't know any spells.
Your spell library was empty.

Dungeon Overview and Level Annotations

Branches:
Dungeon (2/15)

Altars:
Uskayaw


Innate Abilities, Weirdness & Mutations

You have sharp fingernails.


Message History

The ice beast hits you. The ice beast freezes you!
You aren't carrying any items that you can evoke.
You feel very mighty all of a sudden.
Your plate armour prevents you from hitting the ice beast.
The ice beast hits you. The ice beast freezes you!
* * * LOW HITPOINT WARNING * * *
You closely miss the ice beast. You block the ice beast's attack.
Unknown command.
It was a potion of degeneration.
There was something very wrong with that liquid.
You feel weakened.
You feel dopey.
You feel clumsy.
The ice beast hits you but does no damage.
Drop what? 10/52 slots (_ for help) (? for menu, Esc to quit)
Okay, then.
The ice beast hits you.
You die...

..###.....# #..........# #.#
#.##### #..........####
#.###.# #..............
#..##.# ######.....####
##.##.# ###########.##<.
#.##.# #######.....# #.....
##.##.# #....##.....# ######
......######.##........#
......##........@..#####
.......'...).....Y.##
##.###..............# #
#..#..........####.###.#####
##.#.#........# #..........
#...#........# #####.#####
##.###.......# .. #..
....##### ..# #.......# .#


You could see an ice beast.

Vanquished Creatures
  An adder (D:2)
  A worm (D:2)
  A leopard gecko (D:2)
  3 bats
  2 giant cockroaches
  2 hobgoblins
  2 kobolds
  A goblin (D:1)
13 creatures vanquished.

Notes
Turn   | Place    | Note
-------+----------+-------------------------------------------
     0 | D:1      | sahdkjhfkaj the Demonspawn Fighter began the quest for the
                  | Orb.
     0 | D:1      | Reached XP level 1. HP: 18/18 MP: 1/1
   523 | D:2      | Gained mutation: You have sharp fingernails. [demonic
                  | ancestry]
   523 | D:2      | Reached XP level 2. HP: 22/24 MP: 2/2
   548 | D:2      | Found a hide-covered altar of Uskayaw.
   619 | D:2      | Became a worshipper of Uskayaw the Reveller
   789 | D:2      | Reached * piety under Uskayaw
   792 | D:2      | Reached ** piety under Uskayaw
   802 | D:2      | Reached skill level 1 in Unarmed Combat
  1112 | D:2      | Noticed an ice beast
  1122 | D:2      | Slain by an ice beast

Illustrated notes

Levels and vault maps discovered:
D:1:      minmay_arrival_shattered_statue, layout_rooms
D:2:      layout_basic, nicolae_overflow_crystal_walls,
          makhleb_altar_promises_db, minmay_pentomino_t2

Skill      XL: |  1  2 |
---------------+-------+-----
Axes           | 2 |  2.1
Unarmed Combat | 1 |  1.6
Fighting       | |  3.0
Armour         | |  2.7
Dodging        | |  0.2
Shields        | |  2.8

Action                   || total
-------------------------++-------
Melee: War axe           ||    29
       Unarmed           ||    50
  Use: Scroll            ||     2
       Potion            ||     2
Armor: Scale mail        ||    21
       Plate armour      ||    17
Dodge: Dodged            ||    18
Block: Kite shield       ||    43

Table legend: (Time is in decaauts)
 A = Elapsed time spent in this place.
 B = Non-inter-level travel time spent in this place.
 C = Inter-level travel time spent in this place.
 D = Time resting spent in this place.
 E = Time spent auto-exploring this place.
 F = Levels seen in this place.
 G = Mean time per level.
                   A        B        C        D        E       F      G
               +--------+--------+--------+--------+--------+-----+--------+
         Total |   1138 |   1138 |      0 |      0 |    943 |   2 |  569.0 |
       Dungeon |   1138 |   1138 |      0 |      0 |    943 |   2 |  569.0 |
               +--------+--------+--------+--------+--------+-----+--------+

Top non-repeatable levels by time:
     D:2: 615 daAuts
     D:1: 522 daAuts
